 Dungeon Crawl Stone Soup version 0.30.0-29-ga12c61a403 (webtiles) character file.

Game seed: 8415211635976078059

147 olmar the Covered (level 5, -2/37 HPs)
             Began as a Gnoll Wanderer on June 4, 2023.
             Slain by an orc wizard
             ... wielding a +0 dagger
              (4 damage)
             ... on level 3 of the Dungeon.
             The game lasted 00:04:02 (2588 turns).

olmar the Covered (Gnoll Wanderer)                  Turns: 2588, Time: 00:04:04

Health: -2/37      AC:  3    Str: 11    XL:     5   Next: 29%
Magic:  4/9        EV: 11    Int: 15    God:
Gold:   161        SH:  0    Dex: 10    Spells: 5/10 levels left

rFire   . . .        m - +3 short sword
rCold   . . .        (no shield)
rNeg    . . .        e - +0 leather armour
rPois   .            (no helmet)
rElec   .            (no cloak)
rCorr   .            (no gloves)
SInv    .            (no boots)
Will    .....        (no amulet)
Stlth   ++           (no ring)
HPRegen 0.26/turn    (no ring)
MPRegen 0.11/turn

%: no passive effects
@: no status effects
A: fangs 1, strong nose, distributed training
a: no special abilities


You were on level 3 of the Dungeon.
You visited 1 branch of the dungeon, and saw 3 of its levels.

You collected 161 gold pieces.

Inventory:

Hand Weapons
 a - a +0 club
 d - a +0 hand axe
 m - a +3 short sword (weapon)
Missiles
 i - 6 atropa-tipped darts (quivered)
Armour
 c - a +0 scale mail
 e - a +0 leather armour (worn)
Magical Staves
 r - the staff of fire "Ronoamu" {rF+ rC+ Int+6}
   (You found it on level 3 of the Dungeon)

   [staff of fire]

   Base accuracy: +5 Base damage: 5 Base attack delay: 1.2 This weapon's minimum
   attack delay (0.6) is reached at skill level 12.
   Int:       It affects your intelligence (+6).
   rF:        It protects you from fire.
   rC:        It protects you from cold.
   It falls into the 'Staves' category.
   It is a one-handed weapon.
Scrolls
 b - a scroll of silence
 j - a scroll of fog {unknown}
 k - a scroll of noise
 l - 2 scrolls of enchant armour {unknown}
 n - a scroll of summoning {unknown}
 o - a scroll of magic mapping {unknown}
 q - a scroll of identify
 s - a scroll of blinking {unknown}
Potions
 p - a potion of brilliance {unknown}


   Skills:
 + Level 1.5 Fighting
 + Level 1.5 Short Blades
 + Level 1.5 Long Blades
 + Level 1.5 Axes
 + Level 1.5 Maces & Flails
 + Level 1.5 Polearms
 + Level 1.5 Staves
 + Level 1.5 Ranged Weapons
 + Level 1.5 Throwing
 + Level 6.7 Armour
 + Level 1.5 Dodging
 + Level 2.8 Stealth
 + Level 1.5 Shields
 + Level 1.5 Unarmed Combat
 + Level 3.2 Spellcasting
 + Level 1.2 Conjurations
 + Level 1.2 Hexes
 + Level 1.2 Summonings
 + Level 1.2 Necromancy
 + Level 1.2 Translocations
 + Level 1.2 Transmutations
 + Level 1.2 Fire Magic
 + Level 1.2 Ice Magic
 + Level 5.5 Air Magic
 + Level 1.2 Earth Magic
 + Level 4.0 Poison Magic
 + Level 1.7 Invocations
 + Level 1.5 Evocations


You had 5 spell levels left.
You knew the following spells:

 Your Spells              Type           Power      Damage    Failure   Level
a - Sting                 Tmut/Pois      40%        1d5       9%          1
b - Shock                 Conj/Air       48%        1d6       6%          1
c - Mephitic Cloud        Conj/Pois/Air  13%        N/A       17%         3

Your spell library contained the following spells:

 Spells                   Type           Power      Damage    Failure   Level
 Cigotuvi's Dreadful Rot  Necr/Pois/Air  26%        N/A       9%          2
 Airstrike                Air            9%         2d(2-18)  26%         4


Dungeon Overview and Level Annotations

Branches:
Dungeon (3/15)

Altars:

Shops:
D:1 [


Innate Abilities, Weirdness & Mutations

You have very sharp teeth.
Your uncanny sense of smell can sniff out nearby items.
Your experience applies equally to all skills.


Message History

You aren't carrying any items that you can evoke.
Throw: 8 darts (atropa)
Press: ? - help, Q - select action, (/) - cycle Shift-Dir - straight line, f/p - orc wizard
Aim: an orc wizard, wielding a +0 dagger and wearing a +0 robe (moderately wounded, 45% to hit, chance to blind on hit: 83%)
You throw an atropa-tipped dart.
The atropa-tipped dart hits the orc wizard.
The orc wizard appears confused.
The orc wizard is moderately wounded.
The orc wizard hits you with a +0 dagger.
Unknown command.
You catch the helpless orc wizard completely off-guard!
You hit the orc wizard.
The orc wizard is heavily wounded.
The orc wizard seems less confused.
Something hits you. The orc wizard barely misses you.
Unknown command.
You miss the orc wizard.
The orc wizard is heavily wounded.
Something hits you. The orc wizard barely misses you.
Unknown command.
Throw: 7 darts (atropa)
Press: ? - help, Q - select action, (/) - cycle Shift-Dir - straight line, f - orc, p - orc wizard
Aim: an orc, wielding a +0 short sword (54% to hit, chance to blind on hit: 100%)
You throw an atropa-tipped dart. The atropa-tipped dart hits the orc.
The orc appears confused.
Something hits you.
* * * LOW HITPOINT WARNING * * *
The orc wizard hits you with a +0 dagger.
* * * LOW HITPOINT WARNING * * *
Unknown command.
You closely miss the orc wizard.
The orc wizard is heavily wounded.
Unknown command.
It was a potion of cancellation.
You feel magically purged.
The orc wizard is no longer blind.
The orc wizard gestures at you while chanting.
The magic dart hits you.
* * * LOW HITPOINT WARNING * * *
Something hits you.
You die... ...# .... # ..### o.o

# .. .. # #.#. # #..# # ##
#.# # .. #.## # #.#.)#### #
∆#....({@# #...o##o####
#....##....###
#.......#####...####
#..................#
#...#...#######.##.########
##+##...# #.##.##......
#...# #.##.##...... #...#
#.##.##......


You could see an orc wizard and an orc (confused, blind).

Vanquished Creatures
  An orc priest (D:3)
  3 gnolls (D:2)
  4 adders
  2 dart slugs
  2 orcs (D:3)
  2 endoplasms
  4 giant cockroaches
  5 hobgoblins
  2 jackals (D:3)
  3 quokkas
  3 ball pythons
  2 frilled lizards
  6 kobolds
  12 rats
51 creatures vanquished.

Notes
Turn   | Place    | Note
-------+----------+-------------------------------------------
     0 | D:1      | olmar the Gnoll Wanderer began the quest for the Orb.
     0 | D:1      | olmar set off with the following items: a +0 club, a scroll
                  | of silence, a +0 scale mail; and the following spells
                  | available to memorise: Shock, Cigotuvi's Dreadful Rot,
                  | Sting, Mephitic Cloud, Airstrike.
     0 | D:1      | Reached XP level 1. HP: 13/13 MP: 4/4
     2 | D:1      | Learned a level 1 spell: Sting
   106 | D:1      | Found Zavehi's Armour Shoppe.
   165 | D:1      | Reached XP level 2. HP: 16/20 MP: 3/5
   722 | D:1      | Learned a level 1 spell: Shock
   753 | D:1      | Found a faded altar of an unknown god.
  1021 | D:2      | Reached XP level 3. HP: 20/25 MP: 7/7
  1095 | D:2      | Reached skill level 1 in Invocations
  1298 | D:2      | Reached skill level 1 in Fighting
  1298 | D:2      | Reached skill level 1 in Short Blades
  1298 | D:2      | Reached skill level 1 in Long Blades
  1298 | D:2      | Reached skill level 1 in Axes
  1298 | D:2      | Reached skill level 1 in Maces & Flails
  1298 | D:2      | Reached skill level 1 in Polearms
  1298 | D:2      | Reached skill level 1 in Staves
  1298 | D:2      | Reached skill level 1 in Ranged Weapons
  1298 | D:2      | Reached skill level 1 in Throwing
  1298 | D:2      | Reached skill level 1 in Dodging
  1298 | D:2      | Reached skill level 1 in Shields
  1298 | D:2      | Reached skill level 1 in Unarmed Combat
  1298 | D:2      | Reached skill level 1 in Evocations
  1612 | D:2      | Reached XP level 4. HP: 17/32 MP: 5/8
  1616 | D:2      | Learned a level 3 spell: Mephitic Cloud
  1919 | D:2      | Reached skill level 1 in Conjurations
  1919 | D:2      | Reached skill level 1 in Hexes
  1919 | D:2      | Reached skill level 1 in Summonings
  1919 | D:2      | Reached skill level 1 in Necromancy
  1919 | D:2      | Reached skill level 1 in Translocations
  1919 | D:2      | Reached skill level 1 in Transmutations
  1919 | D:2      | Reached skill level 1 in Fire Magic
  1919 | D:2      | Reached skill level 1 in Ice Magic
  1919 | D:2      | Reached skill level 1 in Earth Magic
  2453 | D:3      | Identified the staff of fire "Ronoamu" {rF+ rC+ Int+6}
  2580 | D:3      | Reached XP level 5. HP: 21/37 MP: 4/9
  2588 | D:3      | Slain by an orc wizard

Illustrated notes

Levels and vault maps discovered:
D:1:      dpeg_arrival_short_road, layout_loops_cross,
          shapermc_ecumenical_altar_mp_ritualfount, serial_shops,
          nicolae_shop_tiny_statue_garden
D:2:      layout_basic, serial_corexii_hall, chequers_hall_statues_y,
          chequers_hall_statues_wall_a
D:3:      layout_basic, nicolae_overflow_hidden_temple,
          minmay_fractal_squares_diagonal_5

Skill      XL: |  1  2  3  4 |
---------------+-------------+-----
Invocations    | 1 |  1.7
Fighting       | 1 |  1.5
Short Blades   | 1 |  1.5
Long Blades    | 1 |  1.5
Axes           | 1 |  1.5
Maces & Flails | 1 |  1.5
Polearms       | 1 |  1.5
Staves         | 1 |  1.5
Ranged Weapons | 1 |  1.5
Throwing       | 1 |  1.5
Dodging        | 1 |  1.5
Shields        | 1 |  1.5
Unarmed Combat | 1 |  1.5
Evocations     | 1 |  1.5
Spellcasting   | 3 |  3.2
Conjurations   | 1 |  1.2
Hexes          | 1 |  1.2
Summonings     | 1 |  1.2
Necromancy     | 1 |  1.2
Translocations | 1 |  1.2
Transmutations | 1 |  1.2
Fire Magic     | 1 |  1.2
Ice Magic      | 1 |  1.2
Earth Magic    | 1 |  1.2
Poison Magic   | 4 |  4.0
Armour         | |  6.7
Stealth        | |  2.8
Air Magic      | |  5.5

Action                     |  1- 3 |  4- 6 || total
---------------------------+-------+-------++-------
  Melee: Hand axe          |    90 |    16 ||   106
         Club              |    10 |       ||    10
         Bite              |     6 |     5 ||    11
         Short sword       |       |    46 ||    46
  Throw: Dart              |       |     2 ||     2
   Cast: Sting             |    13 |     9 ||    22
         Shock             |     2 |     2 ||     4
         Mephitic Cloud    |       |     1 ||     1
    Use: Scroll            |     4 |       ||     4
         Potion            |       |     4 ||     4
   Stab: Invisible         |       |     1 ||     1
 Armour: Scale mail        |    12 |       ||    12
         Leather armour    |    19 |    16 ||    35
  Dodge: Dodged            |    78 |    34 ||   112
